 Dungeon Crawl Stone Soup version 0.23.2-30-g0e89c35649 (webtiles) character file.

Game seed: 3371414863429537021

192 Ceapi the Cudgeler (level 5, 0/46 HPs)
             Began as a Minotaur Berserker on June 7, 2019.
             Was a Believer of Trog.
             Slain by Grinder (8 damage)
             ... on level 3 of the Dungeon.
             The game lasted 00:10:45 (2661 turns).

Ceapi the Cudgeler (Minotaur Berserker)             Turns: 2661, Time: 00:10:46

Health: 0/46       AC:  5    Str: 23    XL:     5   Next: 42%
Magic:  4/4        EV: 12    Int:  4    God:    Trog [**....]
Gold:   170        SH:  0    Dex:  9    Spells: 4/4 levels left

rFire    . . .     SeeInvis .   a - +0 mace
rCold    . . .     Gourm    .   (no shield)
rNeg     . . .     Faith    .   h - +0 leather armour
rPois    .         Spirit   .   (helmet restricted)
rElec    .         Reflect  .   (no cloak)
rCorr    .         Harm     .   n - +1 pair of gloves
MR       .....                  (no boots)
Stlth    +.........             r - amulet of magic regeneration
HPRegen  0.15/turn              f - ring of flight
MPRegen  0.34/turn              (no ring)

@: berserk cooldown
A: retaliatory headbutt, horns 2
a: Berserk, Trog's Hand, Renounce Religion, Evoke Flight


You were on level 3 of the Dungeon.
You worshipped Trog.
Trog was pleased with you.
You were near starving.

You visited 1 branch of the dungeon, and saw 3 of its levels.

You collected 170 gold pieces.

Inventory:

Hand Weapons
 a - a +0 mace (weapon)
Armour
 h - a +0 leather armour (worn)
 l - a +0 scale mail
 n - a +1 pair of gloves (worn)
Jewellery
 f - a ring of flight (left hand)
 r - an amulet of magic regeneration (around neck)
Scrolls
 e - 2 scrolls of remove curse {unknown}
 g - 2 scrolls of fog {unknown}
 i - 4 scrolls of teleportation {unknown}
 j - a scroll of random uselessness {unknown}
 k - 2 scrolls of fear {unknown}
 m - a scroll of identify {unknown}
Potions
 b - 3 potions of resistance {unknown}
 d - a potion of might {unknown}
 o - a potion of heal wounds {unknown}
 p - a potion of mutation {unknown}
Comestibles
 c - 6 rations
 q - 3 chunks of flesh


   Skills:
 - Level 4.0 Fighting
 + Level 7.2 Maces & Flails
 - Level 2.5 Armour
 - Level 2.3 Dodging


You had 4 spell levels left.
You didn't know any spells.
Your spell library was empty.

Dungeon Overview and Level Annotations

Branches:
Dungeon (3/15)

Altars:
Dithmenos
Trog
Vehumet
Yredelemnul

Annotations:
D:3 Grinder


Innate Abilities, Weirdness & Mutations

You reflexively headbutt those who attack you in melee.
You have a pair of horns on your head.


Message History

You feel resistant to hostile enchantments.
You are near starving!
Grinder blinks!
You feel the effects of Trog's Hand fading.
Grinder says, "I used to sell toenails on the black market."
You feel yourself speed up.
Your skin stops crawling.
You feel less resistant to hostile enchantments.
You closely miss Grinder.
Grinder is severely wounded.
Grinder hits you.
* * * LOW HITPOINT WARNING * * *
You writhe in agony.
* * * LOW HITPOINT WARNING * * *
You closely miss Grinder.
Grinder is severely wounded.
Grinder misses you.
You hit Grinder but do no damage.
Grinder is severely wounded.
Grinder hits you!
You die...

...............#..........
..............#..(####...#
.................# #....
...#..........## #...#
####.#.......#### #...#
#.......5.#..# ###...#
(#.......# #......
#.####.## #.##### #.5@...#
####.# # #######........#
# .####...# # .#
##...##### .. ..........
.# ##.....#. .##.##..##.#.
.......)##.#.
.##.###......


You could see Grinder.

Vanquished Creatures
  An ogre (D:3)
  3 gnolls (D:3)
  2 adders (D:2)
  An ooze (D:2)
  4 worms
  2 dart slugs (D:1)
  An orc (D:3)
  2 giant cockroaches (D:2)
  12 goblins
  A hobgoblin (D:2)
  2 quokkas (D:3)
  2 frilled lizards
  4 kobolds
  7 rats
44 creatures vanquished.

Notes
Turn   | Place    | Note
-------+----------+-------------------------------------------
     0 | D:1      | Ceapi the Minotaur Berserker began the quest for the Orb.
     0 | D:1      | Reached XP level 1. HP: 19/19 MP: 0/0
   111 | D:1      | Reached XP level 2. HP: 26/27 MP: 1/1
   203 | D:1      | Reached skill level 4 in Maces & Flails
   862 | D:2      | Found a bloodstained altar of Trog.
  1570 | D:2      | Reached XP level 3. HP: 26/33 MP: 2/2
  1856 | D:2      | Reached skill level 5 in Maces & Flails
  2020 | D:2      | Reached ** piety under Trog
  2271 | D:3      | Reached XP level 4. HP: 34/40 MP: 3/3
  2278 | D:3      | Reached skill level 6 in Maces & Flails
  2371 | D:3      | Found a radiant altar of Vehumet.
  2414 | D:3      | Noticed an ogre
  2420 | D:3      | Killed an ogre
  2420 | D:3      | Reached skill level 7 in Maces & Flails
  2420 | D:3      | Reached XP level 5. HP: 46/46 MP: 4/4
  2428 | D:3      | Found a shadowy altar of Dithmenos.
  2441 | D:3      | Found a basalt altar of Yredelemnul.
  2624 | D:3      | Noticed Grinder
  2624 | D:3      | Paralysed by Grinder for 5 turns
  2636 | D:3      | Paralysed by Grinder for 6 turns
  2648 | D:3      | Paralysed by Grinder for 4 turns
  2652 | D:3      | HP: 2/46 [Grinder (1)]
  2661 | D:3      | Slain by Grinder

Skill      XL: |  1  2  3  4 |
---------------+-------------+-----
Maces & Flails | 4 5 7 |  7.2
Fighting       | 4 |  4.0
Armour         | |  2.5
Dodging        | |  2.3

Action                   |  1- 3 |  4- 6 || total
-------------------------+-------+-------++-------
Melee: Mace              |    64 |    33 ||    97
       Headbutt          |    17 |     4 ||    21
Invok: Berserk           |       |     1 ||     1
       Trog's Hand       |       |     1 ||     1
  Eat: Chunk             |     4 |     1 ||     5
Armor: Animal skin       |     1 |       ||     1
       Leather armour    |     9 |     4 ||    13
Dodge: Dodged            |    32 |    23 ||    55
